 Dungeon Crawl Stone Soup version 0.28.0-53-g5a82cb258f (webtiles) character file.

Game seed: 602287955051386862

221 raph the Spear-Bearer (level 5, -5/38 HPs)
             Began as a Merfolk Gladiator on June 8, 2022.
             Was an Initiate of Yredelemnul.
             Slain by a troll (6 damage)
             ... on level 7 of the Dungeon.
             The game lasted 00:04:47 (2918 turns).

raph the Spear-Bearer (Merfolk Gladiator)           Turns: 2918, Time: 00:04:48

Health: -5/38      AC: 14    Str: 15    XL:     5   Next: 98%
Magic:  5/5        EV: 12    Int:  7    God:    Yredelemnul [......]
Gold:   111        SH:  0    Dex: 17    Spells: 4/4 levels left

rFire   . . .      SeeInvis +   a - +0 trident (freeze)
rCold   . . .      Faith    .   (no shield)
rNeg    + . .      Spirit   .   h - quicksilver dragon scales
rPois   .          Reflect  .   l - +2 helmet
rElec   .          Harm     .   n - +0 cloak
rCorr   .          Rampage  .   (no gloves)
Will    +....                   k - +0 pair of boots
Stlth   +.........              (no amulet)
HPRegen 0.12/turn               i - ring of positive energy
MPRegen 0.09/turn               q - ring of see invisible

@: no status effects
A: (nimble swimmer 2), mertail
a: Renounce Religion, Recall Undead Harvest


You were on level 7 of the Dungeon.
You worshipped Yredelemnul.
Yredelemnul was noncommittal.
You visited 1 branch of the dungeon, and saw 5 of its levels.
You also visited: Sewer.

You collected 111 gold pieces.

Inventory:

Hand Weapons
 a - a +0 trident of freezing (weapon)
Missiles
 d - 3 throwing nets (quivered)
 g - 12 poisoned darts
 p - 5 javelins
Armour
 b - a +0 leather armour
 c - a +0 helmet
 h - quicksilver dragon scales (worn)
 k - a +0 pair of boots (worn)
 l - a +2 helmet (worn)
 n - a +0 cloak (worn)
Jewellery
 i - a ring of positive energy (left hand)
 q - a ring of see invisible (right hand)
Scrolls
 f - 3 scrolls of identify
Potions
 e - 3 potions of attraction
 j - a potion of curing {unknown}
 o - a potion of berserk rage
 r - a potion of degeneration {unknown}


   Skills:
 - Level 2.1 Fighting
 + Level 9.3 Polearms
 - Level 2.0 Throwing
 - Level 4.0 Dodging


You had 4 spell levels left.
You didn't know any spells.
Your spell library contained the following spells:

 Spells                   Type           Power      Damage    Failure   Level
 Ensorcelled Hibernation  Hex/Ice        0%         N/A       80%         2
 Frozen Ramparts          Ice            0%         1d2       95%         3
 Spider Form              Tmut/Pois      0%         N/A       95%         3
 Anguish                  Hex/Necr       0%         N/A       100%        4
 Ice Form                 Ice/Tmut       0%         N/A       100%        4
 Summon Ice Beast         Ice/Summ       0%         N/A       100%        4


Dungeon Overview and Level Annotations

Branches:
Dungeon (4/15)              Sewer (visited)
 Temple: D:4-7

Altars:
Trog
Yredelemnul

Shops:
D:3 [

Annotations:
D:3 Sigmund


Innate Abilities, Weirdness & Mutations

((You are very nimble when in or above water. (Stealth+, EV+, Speed+++)))
Your lower body shifts to a powerful aquatic tail in water.


Message History

Your +0 pair of boots melds into your body.
Your +0 pair of boots unmelds from your body.
q - a ring of see invisible
q - a ring of see invisible (right hand)
Found a hunting sling.
r - a dark potion No target in view!
A sourceless malevolence fills the Dungeon...
You fall into a shaft and drop 3 floors!
The shaft crumbles and collapses.
An eight-headed hydra and 2 trolls come into view.
The troll shouts!
The eight-headed hydra roars!
The troll shouts!
Found the +1 robe of Vines {NoPotionHeal Regen++++}.
As you read the scroll labelled IHOBLO YNYMN, it crumbles to dust.
It is a scroll of identify.
e - 3 potions of attraction The troll barely misses you.
The troll claws you but does no damage. The troll claws you!
The eight-headed hydra bites you!
The eight-headed hydra completely misses you.
The eight-headed hydra bites you but does no damage.
The eight-headed hydra closely misses you.
The eight-headed hydra barely misses you.
The eight-headed hydra bites you!
The eight-headed hydra barely misses you.
The eight-headed hydra bites you!
* * * LOW HITPOINT WARNING * * *
As you read the scroll labelled JAKHLO IWYFAE, it crumbles to dust.
You feel a surge of unholy energy.
The eight-headed hydra convulses!
The troll convulses! x2; It was a scroll of torment.
The eight-headed hydra misses you. x2
The eight-headed hydra bites you but does no damage.
The eight-headed hydra barely misses you.
The eight-headed hydra closely misses you. x2
The eight-headed hydra bites you.
* * * LOW HITPOINT WARNING * * *
The eight-headed hydra bites you but does no damage.
The troll bites you.
You die...
Your body rises from the dead as a mindless zombie.

.... .... .....
###### #.....
###[.PP####P.....
P#......#P#P...P..
..PP.≈≈.♣......#
♣.≈≈.PP@....#
#P...TT#D....#
#P..P####...##
###### ####


You could see an eight-headed hydra and 2 trolls.

Vanquished Creatures
  A water moccasin (Sewer)
  Crazy Yiuf (D:3)
  A river rat (D:4)
  An adder (D:3)
  2 worms (D:2)
  A dart slug (D:1)
  2 ball pythons
  4 endoplasms
  4 giant cockroaches
  4 goblins
  6 hobgoblins (D:2)
  9 bats
  2 frilled lizards
  4 kobolds
  8 rats
50 creatures vanquished.

Vanquished Creatures (collateral kills)
  A dart slug (D:2)
  2 giant cockroaches (D:2)
  A bat (D:2)
  A goblin (D:1)
5 creatures vanquished.

Vanquished Creatures (others)
  A wizard (D:4)
  A human zombie (D:4)
  3 bat zombies
  A kobold zombie (D:3)
  A spectral endoplasm (D:3)
  2 fungi (D:3)
9 creatures vanquished.

Grand Total: 64 creatures vanquished

Notes
Turn   | Place    | Note
-------+----------+-------------------------------------------
     0 | D:1      | raph the Merfolk Gladiator began the quest for the Orb.
     0 | D:1      | Reached XP level 1. HP: 16/16 MP: 1/1
   165 | D:1      | Reached skill level 5 in Polearms
   198 | D:1      | Reached XP level 2. HP: 20/22 MP: 2/2
   655 | D:1      | Found a faded altar of an unknown god.
   660 | D:1      | Prayed at the altar of an unknown god.
   660 | D:1      | Became a worshipper of Yredelemnul the Dark
   660 | D:1      | Reached * piety under Yredelemnul
   947 | D:2      | Reached skill level 6 in Polearms
   947 | D:2      | Reached XP level 3. HP: 27/27 MP: 3/3
  1932 | D:3      | Found Giab's Armour Emporium.
  1938 | D:3      | Noticed Sigmund
  2138 | D:3      | Found a runed translucent door.
  2139 | D:3      | Noticed Crazy Yiuf
  2156 | D:3      | Killed Crazy Yiuf
  2157 | D:3      | Reached skill level 7 in Polearms
  2157 | D:3      | Reached XP level 4. HP: 13/33 MP: 4/4
  2327 | D:3      | Identified the +7 mace of the Glimmering Seeker {venom,
                  | Str+3 Int+4}
  2408 | D:4      | Found a bloodstained altar of Trog.
  2409 | D:4      | Noticed a wizard
  2414 | D:4      | Killed a wizard
  2504 | D:4      | Found a glowing drain.
  2524 | Sewer    | Entered a sewer
  2553 | Sewer    | Reached skill level 8 in Polearms
  2557 | Sewer    | Noticed a water moccasin
  2570 | Sewer    | Killed a water moccasin
  2571 | Sewer    | Reached skill level 9 in Polearms
  2571 | Sewer    | Reached XP level 5. HP: 19/38 MP: 5/5
  2913 | D:4      | You fall into a shaft and drop 3 floors!
  2913 | D:7      | Noticed a troll
  2913 | D:7      | Noticed an eight-headed hydra
  2913 | D:7      | Noticed a troll
  2913 | D:7      | Found the +1 robe of Vines {NoPotionHeal Regen++++}
  2918 | D:7      | HP: 1/38 [eight-headed hydra (2)]
  2918 | D:7      | Slain by a troll

Illustrated notes

Levels and vault maps discovered:
D:1:      onia_arrival_pentagram, layout_rooms, shapermc_ecumenical_altar_petra,
          hangedman_decor_clover_reticule
D:2:      layout_loops_cross
D:3:      layout_basic, kennysheep_slug_shrine, serial_shops,
          nicolae_shop_waterfront, uniq_crazy_yiuf_cottage, uniq_sigmund
D:4:      layout_loops_ring, trog_wizard, portal_sewer_entry_b,
          minmay_misc_feat_alley
D:7:      layout_basic, minitemple, hellmonk_guarded_unrand_vines

Skill      XL: |  1  2  3  4 |
---------------+-------------+-----
Polearms       | 5 6 7 9 |  9.3
Fighting       | |  2.1
Throwing       | |  2.0
Dodging        | |  4.0

Action                   |  1- 3 |  4- 6 || total
-------------------------+-------+-------++-------
Melee: Trident           |   106 |    40 ||   146
       Punch             |     1 |       ||     1
       Tailslap          |       |     1 ||     1
  Use: Scroll            |     3 |     2 ||     5
 Stab: Sleeping          |     1 |       ||     1
Armor: Leather armour    |    14 |       ||    14
       Quicksilver drago |     9 |    21 ||    30
Dodge: Dodged            |    54 |    41 ||    95
